 Dungeon Crawl Stone Soup version 0.28-a0-909-g796cbd3a86 (webtiles) character file.

Game seed: 3671096039327667037

14 siradein the Charlatan (level 2, -2/21 HPs)
             Began as a Demonspawn Artificer on Nov 24, 2021.
             Killed from afar by Sigmund (4 damage)
             ... with a magic dart
             ... on level 2 of the Dungeon.
             The game lasted 00:02:03 (2127 turns).

siradein the Charlatan (Demonspawn Artificer)       Turns: 2127, Time: 00:02:04

Health: -2/21      AC: 10    Str: 12    XL:     2   Next: 27%
Magic:  2/2        EV: 11    Int: 12    God:
Gold:   72         SH:  0    Dex: 13    Spells: 1/1 levels left

rFire   . . .      SeeInvis .   a - +0 club
rCold   . . .      Faith    .   (no shield)
rNeg    . . .      Spirit   .   b - +0 leather armour
rPois   .          Reflect  .   o - +0 helmet
rElec   .          Harm     .   (no cloak)
rCorr   .          Rampage  .   (no gloves)
Will    +....                   (no boots)
Stlth   +.........              (no amulet)
HPRegen 0.07/turn               k - ring of willpower
MPRegen 0.08/turn               (no ring)

@: sanguine armoured
A: sanguine armour 1
a: no special abilities


You were on level 2 of the Dungeon.
You visited 1 branch of the dungeon, and saw 2 of its levels.

You collected 72 gold pieces.

Inventory:

Hand Weapons
 a - a +0 club (weapon)
Armour
 b - a +0 leather armour (worn)
 o - a +0 helmet (worn)
Jewellery
 k - a ring of willpower (left hand)
Wands
 c - a wand of flame (15)
 d - a wand of charming (15)
Scrolls
 f - a scroll of fear {unknown}
 i - a scroll of enchant armour {unknown}
 j - 2 scrolls of identify {unknown}
 l - a scroll of enchant weapon {unknown}
 n - a scroll of noise {unknown}
Potions
 g - a potion of lignification {unknown}
 h - a potion of degeneration {unknown}
 m - a potion of heal wounds {unknown}
Miscellaneous
 e - a piece from Xom's chessboard (6/15) (quivered)


   Skills:
 + Level 1.3 Fighting
 + Level 0.5 Maces & Flails
 + Level 2.0 Armour
 + Level 1.1 Dodging
 - Level 0.8 Stealth
 + Level 3.1 Evocations


You had one spell level left.
You didn't know any spells.
Your spell library contained the following spells:

 Spells                   Type           Power      Damage    Failure   Level
 Tukima's Dance           Hex            0%         N/A       77%         3
 Passage of Golubria      Tloc           0%         N/A       99%         4
 Yara's Violent Unravell  Hex/Tmut       0%         3d3       100%        5


Dungeon Overview and Level Annotations

Branches:
Dungeon (2/15)

Altars:

Shops:
D:1 (

Annotations:
D:2 Sigmund


Innate Abilities, Weirdness & Mutations

When seriously injured, your blood forms armour. (AC +6)


Message History

Level annotation: Sigmund
There is a stone staircase leading up here.
k - a ring of willpower (left hand) Key pressed, stopping explore.
Key pressed, stopping explore.
Found a helmet.
You see here a +0 helmet.
You start putting on your armour.
You continue putting on your +0 helmet. x4
You finish putting on your +0 helmet.
Sigmund is nearby!
Non-targeted evoke: piece from Xom's chessboard (11/15)
Press: ? - help, Q - select action, (/) - cycle Dir - look around, f - activate You make a move on Xom's chessboard...
Sigmund falls asleep!
Sigmund shouts!
Sigmund gestures at you while chanting. The magic dart hits you.
Your leather armour prevents you from hitting Sigmund.
Sigmund hits you with a +0 scythe!
Your blood congeals into armour.
You barely miss Sigmund. Sigmund barely misses you.
Unknown command.
Non-targeted evoke: piece from Xom's chessboard (10/15)
Press: ? - help, Q - select action, (/) - cycle Dir - look around, f - activate You make a move on Xom's chessboard...
Sigmund twists and deforms.
Non-targeted evoke: piece from Xom's chessboard (9/15)
Press: ? - help, Q - select action, (/) - cycle Dir - look around, f - activate You make a move on Xom's chessboard...
Sigmund struggles to resist.
Sigmund hits you with a +0 scythe!
* * * LOW HITPOINT WARNING * * *
Non-targeted evoke: piece from Xom's chessboard (8/15)
Press: ? - help, Q - select action, (/) - cycle Dir - look around, f - activate You make a move on Xom's chessboard...
Sigmund struggles to resist.
Sigmund hits you but does no damage.
Unknown command.
Non-targeted evoke: piece from Xom's chessboard (7/15)
Press: ? - help, Q - select action, (/) - cycle Dir - look around, f - activate You make a move on Xom's chessboard...
Sigmund struggles to resist.
Unknown command.
Sigmund gestures at you while chanting. The magic dart hits you.
You die...

..# ........#.##
.########.### #########
#.....# #........ #####.#
########........... #.#
#............###.# #.#
#.######.....@...##.##.# ##
#.# #..###.......##.# .#
#.# #..# #@########.#
.###.# #..###.##.......#
...#)######...........#####
##.#......#...##..#.#.#
#.#..###.#...........####
#.#....#.#.#.....#......#
#.##.#.#.#...##########.#
#......#.###.#.......##.#
#.####.#.# #.#.#####.##.#


You could see Sigmund (misshapen).

Vanquished Creatures
  2 goblins
  7 kobolds
  A quokka (D:2)
  4 rats (D:2)
14 creatures vanquished.

Notes
Turn   | Place    | Note
-------+----------+-------------------------------------------
     0 | D:1      | siradein the Demonspawn Artificer began the quest for the
                  | Orb.
     0 | D:1      | Reached XP level 1. HP: 15/15 MP: 1/1
    58 | D:1      | Found Zaximm's Antique Weapon Emporium.
   397 | D:1      | Reached skill level 1 in Dodging
  1421 | D:2      | Gained mutation: When seriously injured, your blood forms
                  | armour. (AC +6) [demonic ancestry]
  1421 | D:2      | Reached XP level 2. HP: 21/21 MP: 2/2
  1813 | D:2      | Noticed Sigmund
  2127 | D:2      | Killed from afar by Sigmund

Illustrated notes

Levels and vault maps discovered:
D:1:      sevenhm_arrival_forest_fort_small_5, layout_loops_corners,
          serial_shops, nicolae_shop_stone, kennysheep_another_room,
          minmay_misc_feat_square, minivault_27
D:2:      layout_basic, ebering_ecumenical_altar_mist, minmay_tetromino_l2,
          uniq_sigmund

Skill      XL: |  1  2 |
---------------+-------+-----
Dodging        | 1 |  1.1
Armour         | 2 |  2.0
Fighting       | |  1.3
Maces & Flails | |  0.5
Stealth        | |  0.8
Evocations     | |  3.1

Action                   || total
-------------------------++-------
Melee: Club              ||    74
Evoke: Piece from Xom's  ||     9
 Stab: Sleeping          ||     1
Armor: Leather armour    ||    18
Dodge: Dodged            ||    45

Table legend: (Time is in decaauts)
 A = Elapsed time spent in this place.
 B = Non-inter-level travel time spent in this place.
 C = Inter-level travel time spent in this place.
 D = Time resting spent in this place.
 E = Time spent auto-exploring this place.
 F = Levels seen in this place.
 G = Mean time per level.
                   A        B        C        D        E       F      G
               +--------+--------+--------+--------+--------+-----+--------+
         Total |   2151 |   2115 |     36 |    132 |   1715 |   2 | 1075.5 |
       Dungeon |   2151 |   2115 |     36 |    132 |   1715 |   2 | 1075.5 |
               +--------+--------+--------+--------+--------+-----+--------+

Top non-repeatable levels by time:
     D:1: 1434 daAuts
     D:2: 717 daAuts
